Map: Whitewater Line LE

Players

RolfDieter

  • Race: Protoss Protoss
  • Spawn Location: 7:00

flex

  • Race: Protoss Protoss
  • Spawn Location: 7:00

holzi

  • Race: Zerg Zerg
  • Spawn Location: 6:00

SIUBIDUBIRAM - Winner!

  • Race: Zerg Zerg
  • Spawn Location: 12:00

wiesiek - Winner!

  • Race: Terran Terran
  • League: Diamond
  • Spawn Location: 1:00

essa - Winner!

  • Race: Zerg Zerg
  • League: Diamond
  • Spawn Location: 1:00

VOD

Have the link to the VOD?

Description

Time

  • Played on: May 13, 2020, 4:25 p.m.
  • Length: 20:16
Show
View Real Time Build Order
Export as new Build Order

RolfDieter Protoss 

Build Orders:  

Get SALT Encoding   

  12  0:03  Probe  
  13  0:15  Probe  
  14  0:23  Pylon  
  14  0:27  Probe (Chrono Boost)  
  15  0:41  Probe (Chrono Boost)  
  16  0:44  Gateway  
  16  0:49  Probe (Chrono Boost)  
  17  0:55  Assimilator  
  17  0:56  Probe  
  18  1:08  Probe  
  19  1:20  Probe  
  20  1:32  Probe, Cybernetics Core  
  20  1:44  Probe  
  21  1:48  Nexus  
  21  1:57  Pylon  
  21  1:58  Probe  
  22  2:02  Warp Gate (Chrono Boost)  
  22  2:11  Probe  
  22  2:14  Assimilator  
  23  2:23  Probe  
  23  2:24  Stalker  
  26  2:35  Probe  
  27  2:47  Probe  
  28  2:52  Pylon  
  28  2:59  Probe  
  30  3:14  Probe (Chrono Boost)  
  30  3:17  Probe (Chrono Boost), Robotics Facility  
  31  3:22  Gateway  
  33  3:27  Probe (Chrono Boost)  
  33  3:28  Probe (Chrono Boost)  
  33  3:32  Probe (Chrono Boost)  
  34  3:36  Probe, Pylon  
  34  3:40  Gateway  
  35  3:41  Gateway  
  35  3:45  Forge  
  35  3:48  Stalker  
  35  3:50  Probe x2  
  39  3:57  Assimilator  
  40  4:02  Probe  
  40  4:03  Probe  
  40  4:08  Observer (Chrono Boost)  
  42  4:12  Stalker  
  42  4:14  Probe  
  42  4:15  Probe  
  46  4:18  Assimilator  
  46  4:21  Pylon  
  46  4:27  Probe x2  
  48  4:38  Observer (Chrono Boost)  
  49  4:39  Probe x2  
  49  4:40  Stalker x3  
  57  4:52  Pylon  
  57  5:05  Stalker x4  
  65  5:32  Stalker x2  
  65  5:33  Stalker x2  
  73  5:56  Stalker  
  75  6:13  Photon Cannon  
  75  6:16  Photon Cannon  
  75  6:17  Photon Cannon  
  71  6:22  Photon Cannon  
  71  6:24  Photon Cannon, Observer (Chrono Boost)  
  72  6:27  Photon Cannon  
  72  6:30  Nexus  
  72  6:33  Pylon  
  72  6:34  Stalker  
  72  6:35  Stalker x2  
  72  6:37  Pylon  
  78  6:40  Pylon  
  78  6:41  Protoss Ground Weapons Level 1 (Chrono Boost)  
  78  6:46  Pylon  
  78  6:48  Pylon  
  78  6:51  Probe x2  
  78  6:52  Pylon  
  80  6:58  Twilight Council  
  80  6:59  Stalker  
  82  7:19  Probe x2  
  84  7:27  Pylon x2  
  84  7:31  Probe, Stalker x4  
  84  7:36  Gateway  
  93  7:37  Gateway  
  93  7:39  Pylon  
  93  7:42  Gateway  
  93  7:43  Blink (Chrono Boost)  
  93  7:46  Pylon  
  91  7:58  Probe x3  
  94  8:14  Stalker  
  94  8:15  Stalker x3  
  94  8:17  Pylon  
  102  8:22  Protoss Ground Armor Level 1 (Chrono Boost)  
  102  8:23  Dark Shrine  
  102  8:32  Stalker x2  
  105  8:37  Probe  
  105  8:38  Probe x2  
  108  8:43  Photon Cannon  
  108  8:48  Photon Cannon  
  108  8:50  Probe  
  108  8:51  Photon Cannon  
  109  9:09  Stalker x6  
  121  9:12  Probe x3  
  121  9:15  Assimilator  
  124  9:17  Assimilator  
  124  9:24  Probe x3  
  127  9:36  Probe x3  
  127  9:37  Charge  
  130  9:39  Nexus  
  130  9:41  Pylon  
  130  9:48  Probe  
  130  9:49  Stalker x4  
  139  10:05  Stalker x3  
  145  10:13  Gateway  
  145  10:14  Gateway  
  145  10:18  Stalker  
  145  10:52  Stalker x3  
  145  10:53  Stalker x3  
  127  11:18  Dark Templar  
  127  11:20  Zealot x4  
  127  11:21  Zealot x4  
  145  11:27  Gateway  
  145  11:28  Probe  
  145  11:29  Probe x3  
  149  11:38  Protoss Ground Weapons Level 2 (Chrono Boost)  
  149  11:41  Probe x4  
  153  11:53  Probe x2  
  155  12:04  Zealot x6  
  155  12:05  Zealot x3  
  141  12:32  Zealot x7  
  141  12:33  Zealot x3  
  153  12:49  Probe  
  153  12:50  Probe  
  148  12:53  Zealot x6  
  148  12:54  Zealot x4  
  152  13:16  Probe x3  
  155  13:23  Assimilator  
  155  13:24  Stalker x7  
  155  13:25  Stalker x3  
  155  13:26  Assimilator  
  175  13:28  Probe x3  
  175  13:33  Pylon  
  178  13:36  Pylon  
  178  13:39  Nexus  
  178  13:41  Pylon  
  178  13:48  Stalker x4  
  180  13:49  Stalker  
  180  13:54  Protoss Ground Armor Level 2 (Chrono Boost)  
  83  14:25  Stalker x2  
  83  14:26  Stalker x6  
  83  14:27  Stalker x2  
  102  14:54  Zealot x2  
  102  14:55  Zealot x6  
  102  14:56  Zealot x2  
  122  15:04  Probe x4  
  126  15:16  Probe, Dark Templar x7  
  126  15:17  Dark Templar x3  
  126  15:20  Archon x4  
  126  15:21  Archon  
  128  16:03  Zealot x5  
  128  16:04  Zealot x5  
  106  16:13  Probe x2  
  108  16:19  Protoss Ground Weapons Level 3  
  108  16:20  Probe x2  
  108  16:24  Dark Templar x3  
  116  16:31  Probe x2  
  116  16:32  Probe x2  
  120  16:39  Dark Templar x3  
  126  16:40  Dark Templar  
  126  16:43  Zealot x3  
  134  17:00  Zealot x2  
  134  17:01  Zealot  
  136  17:11  Zealot x3  
  136  17:12  Zealot x2  
  96  17:56  Zealot x6  
  96  17:57  Zealot  
  92  18:38  Stalker x6  
  92  18:39  Stalker  
  102  18:45  Nexus  
  102  18:48  Pylon  
  102  19:01  Stalker x2  
  102  19:02  Stalker x5  
  102  19:28  Stalker x5  
  67  19:57  Stalker x4  
Show
View Real Time Build Order
Export as new Build Order

flex Protoss 

Build Orders:  

Get SALT Encoding   

  12  0:03  Probe  
  13  0:15  Probe  
  14  0:23  Pylon  
  14  0:27  Probe  
  15  0:41  Probe (Chrono Boost)  
  17  0:50  Probe (Chrono Boost)  
  17  0:55  Probe  
  17  0:56  Gateway  
  18  1:08  Probe  
  19  1:12  Pylon  
  19  1:18  Assimilator  
  19  1:20  Probe  
  19  1:24  Pylon  
  20  1:31  Assimilator  
  20  1:32  Probe  
  21  1:37  Pylon  
  21  1:43  Zealot  
  21  1:44  Probe  
  24  1:56  Cybernetics Core  
  24  2:01  Forge  
  24  2:09  Pylon  
  24  2:14  Zealot  
  26  2:25  Pylon  
  26  2:32  Probe  
  27  2:41  Zealot  
  29  3:08  Stalker  
  29  3:12  Gateway  
  31  3:20  Twilight Council, Protoss Ground Weapons Level 1  
  31  3:38  Zealot  
  33  4:05  Stalker  
  33  4:09  Probe  
  36  4:21  Probe  
  37  4:28  Pylon  
  37  4:30  Nexus, Warp Gate  
  37  4:33  Probe, Pylon  
  37  4:37  Pylon  
  38  5:08  Zealot x2  
  38  5:10  Charge (Chrono Boost)  
  42  5:35  Zealot x2  
  46  5:40  Probe  
  46  5:42  Probe  
  40  5:52  Probe  
  40  5:54  Probe  
  42  6:02  Zealot x2  
  46  6:04  Probe  
  46  6:06  Probe  
  48  6:16  Probe  
  48  6:17  Photon Cannon  
  49  6:21  Photon Cannon  
  49  6:24  Probe  
  50  6:26  Assimilator  
  50  6:29  Probe  
  50  6:31  Assimilator  
  51  6:37  Probe  
  52  6:41  Probe, Gateway x2  
  53  6:49  Probe  
  53  6:51  Stalker  
  53  6:52  Stalker  
  53  6:53  Probe  
  59  7:01  Probe  
  60  7:04  Pylon  
  60  7:05  Probe  
  61  7:08  Photon Cannon  
  61  7:13  Probe  
  62  7:23  Robotics Facility  
  62  7:29  Templar Archives  
  62  7:48  Photon Cannon  
  62  7:49  Shield Battery  
  62  7:54  Pylon, Zealot x4  
  70  8:00  Gateway  
  70  8:02  Gateway  
  70  8:03  Probe x2  
  70  8:04  Gateway  
  72  8:15  Probe x2  
  74  8:27  Probe x2  
  76  8:39  Probe x2  
  78  8:43  Observer  
  79  8:49  Psionic Storm  
  79  8:51  Probe x2  
  79  8:53  High Templar  
  79  8:54  High Templar x2  
  87  8:56  Sentry x2  
  91  9:03  Probe x2  
  91  9:05  Observer  
  94  9:19  Protoss Shields Level 1  
  94  9:26  Immortal, Archon  
  98  9:32  Pylon  
  98  9:33  Pylon  
  98  9:34  Pylon  
  98  10:05  Immortal  
  66  10:44  Warp Prism  
  66  10:47  High Templar x4  
  66  10:48  High Templar x3  
  82  10:53  Probe x2  
  84  11:02  Nexus  
  84  11:05  Probe x2  
  86  11:17  Probe  
  86  11:18  Probe  
  88  11:26  Assimilator  
  88  11:29  Assimilator  
  88  11:30  Probe x2  
  90  11:33  Zealot x3, Photon Cannon  
  90  11:37  Photon Cannon  
  96  11:42  Probe x2  
  97  11:47  Archon  
  97  11:48  Archon x2  
  90  11:57  Stalker x3  
  90  11:58  Stalker x2  
  98  12:08  Observer  
  77  12:28  Warp Prism  
  77  12:29  Stargate  
  79  12:32  Stargate  
  79  12:39  Stargate  
  79  12:51  Pylon, High Templar  
  79  12:52  High Templar x3  
  79  12:54  Pylon, Zealot x3  
  79  12:58  Archon x2  
  93  13:12  Pylon  
  93  13:15  Pylon  
  93  13:17  Nexus  
  93  13:18  Pylon  
  93  13:22  Shield Battery  
  93  13:33  Zealot x4  
  93  13:34  Zealot  
  89  14:13  High Templar x4  
  89  14:14  High Templar x2  
  89  14:16  Zealot  
  87  14:32  Gateway  
  87  14:34  Gateway  
  87  14:36  Gateway  
  87  14:50  Void Ray x2  
  93  15:01  Archon  
  93  15:02  Archon  
  93  15:11  High Templar x2  
  97  15:14  Zealot x2  
  97  15:15  Zealot x2  
  97  15:16  Zealot  
  107  15:24  Probe x3  
  110  15:38  Archon  
  76  16:12  High Templar x3  
  76  16:14  Zealot x4  
  76  16:15  Zealot  
  80  16:21  Assimilator  
  80  16:27  Archon  
  80  16:30  Assimilator  
  80  16:34  Photon Cannon  
  80  16:41  Probe x2  
  78  16:53  Probe x2  
  68  16:59  High Templar  
  68  17:00  High Templar  
  72  17:01  Zealot  
  72  17:02  Zealot x3  
  72  17:05  Probe x2  
  72  17:08  Archon  
  82  17:17  Probe  
  75  17:31  Pylon  
  71  17:40  Zealot x3  
  71  17:41  Zealot x5  
  71  17:42  Zealot x2  
  91  18:01  Nexus  
  91  18:06  Pylon  
  91  18:08  Photon Cannon  
  91  18:11  Shield Battery  
  91  18:15  High Templar x2  
  91  18:18  Zealot x3  
  91  18:19  Zealot  
  83  18:30  Archon  
  77  18:51  Assimilator  
  71  18:56  Zealot  
  71  18:57  Zealot x4  
  71  18:58  Zealot x5  
  56  19:37  Zealot  
  56  19:38  Zealot x5  
  62  19:39  Zealot x4  
Show
View Real Time Build Order
Export as new Build Order

holzi Zerg 

Build Orders: Hatch First 

Get SALT Encoding   

  12  0:02  Drone  
  13  0:12  Overlord  
  13  0:21  Drone  
  14  0:31  Drone x2  
  16  0:46  Drone x2  
  18  0:56  Drone  
  19  1:03  Hatchery  
  18  1:10  Extractor  
  17  1:12  Drone  
  18  1:20  Spawning Pool  
  18  1:23  Drone  
  18  1:30  Drone  
  19  1:40  Drone  
  20  1:50  Drone  
  21  2:05  Drone  
  22  2:11  Overlord  
  22  2:14  Queen x2  
  26  2:18  Drone  
  26  2:37  Zergling x4  
  26  2:38  Zergling x4  
  29  3:12  Drone  
  30  3:16  Drone x2  
  30  3:17  Zergling x6  
  35  3:27  Zergling x2  
  36  3:29  Lair  
  36  3:32  Roach Warren  
  36  3:33  Overlord x2  
  35  3:48  Metabolic Boost  
  35  3:58  Extractor  
  34  4:08  Evolution Chamber  
  33  4:11  Zergling x4  
  33  4:13  Drone x4  
  39  4:19  Extractor  
  39  4:20  Drone x2  
  39  4:21  Drone  
  41  4:31  Glial Reconstitution  
  41  4:33  Roach x3  
  41  4:36  Overlord  
  47  4:41  Roach  
  47  4:45  Drone  
  50  4:46  Drone  
  53  5:07  Roach x4  
  59  5:48  Drone  
  60  5:52  Roach  
  58  6:14  Spore Crawler  
  58  6:16  Spore Crawler  
  56  6:24  Drone x2  
  56  6:25  Drone  
  58  6:29  Roach  
  58  6:31  Overlord x3  
  58  6:34  Drone x2  
  58  6:35  Drone  
  58  6:46  Infestation Pit, Drone  
  50  6:48  Overlord  
  50  6:50  Overlord  
  50  6:52  Overseer x2  
  46  6:56  Pneumatized Carapace  
  46  7:08  Drone x5  
  49  7:09  Drone, Extractor  
  51  7:24  Hive  
  51  7:28  Spire  
  50  7:31  Drone  
  51  7:41  Drone x3  
  51  7:42  Drone x2  
  51  7:43  Drone  
  57  7:49  Zerg Melee Weapons Level 1  
  54  8:37  Drone  
  54  8:40  Drone x2  
  57  8:54  Mutalisk x3  
  57  8:55  Mutalisk x8  
  67  8:56  Mutalisk x2  
  83  9:17  Hatchery, Drone  
  83  9:29  Extractor  
  82  9:34  Extractor  
  81  9:43  Zerg Flyer Weapons Level 1, Corruptor  
  81  9:44  Corruptor x3  
  89  9:52  Mutalisk  
  89  9:54  Roach x3  
  97  10:07  Drone x2  
  97  10:08  Drone  
  97  10:10  Overlord x4  
  100  10:38  Mutalisk x4  
  108  10:46  Drone x3  
  108  10:47  Drone x2  
  107  11:14  Mutalisk x5  
  105  11:33  Mutalisk x3  
  105  11:36  Overlord x3  
  105  11:38  Drone x4  
  105  11:39  Drone x2  
  101  12:28  Mutalisk x6  
  101  12:29  Mutalisk x2  
  109  12:30  Mutalisk  
  101  13:05  Mutalisk  
  101  13:06  Mutalisk x2  
  107  13:15  Roach x2  
  107  13:16  Roach  
  107  13:18  Roach x2  
  107  13:19  Hatchery  
  116  13:29  Drone  
  117  13:35  Extractor  
  117  13:36  Zerg Flyer Armor Level 1  
  117  13:40  Extractor  
  107  14:11  Mutalisk x4  
  111  14:49  Drone x3  
  111  14:50  Drone  
  115  14:54  Drone  
  116  15:01  Drone x2  
  116  15:02  Drone x2  
  116  15:03  Drone  
  121  15:07  Drone  
  120  15:25  Mutalisk x6  
  120  15:26  Mutalisk  
  134  15:32  Queen  
  134  15:35  Overlord x2  
  66  16:17  Roach  
  66  16:18  Roach x8  
  82  16:19  Roach x5  
  92  16:37  Drone x3  
  85  16:40  Zerg Missile Weapons Level 1  
  85  16:41  Drone  
  85  16:43  Roach  
  85  16:44  Roach  
  82  16:59  Roach x2  
  82  17:00  Roach x2  
  58  17:30  Drone x5  
  58  17:32  Roach x4  
  58  17:33  Roach  
  72  17:42  Drone  
  73  17:48  Roach x4  
  73  17:49  Roach x5  
  65  18:08  Roach x5  
  65  18:09  Roach x5  
  46  18:55  Roach x2  
  46  18:56  Roach x7  
  46  18:57  Roach  
Show
View Real Time Build Order
Export as new Build Order

SIUBIDUBIRAM Zerg - Winner!

Build Orders: Hatch First 

Get SALT Encoding   

  12  0:06  Drone  
  13  0:12  Overlord  
  13  0:18  Drone  
  14  0:30  Drone  
  14  0:33  Drone  
  16  0:56  Drone  
  18  0:57  Hatchery, Drone  
  18  1:02  Extractor  
  16  1:20  Drone x2  
  18  1:34  Spawning Pool  
  18  1:36  Drone x2  
  19  2:16  Drone  
  19  2:17  Drone x3  
  23  2:34  Extractor  
  22  2:38  Drone  
  22  2:43  Drone  
  22  2:44  Drone x3  
  27  2:47  Metabolic Boost  
  27  2:51  Lair  
  27  3:05  Overlord x2  
  27  3:06  Overlord  
  27  3:18  Drone  
  28  3:23  Queen  
  30  3:28  Zergling x4  
  30  3:30  Zergling x2  
  30  3:31  Zergling x2  
  34  3:48  Drone x2  
  36  3:53  Hatchery  
  35  4:24  Drone x2  
  35  4:25  Drone x4  
  41  4:54  Hydralisk Den  
  36  5:19  Drone x3  
  39  5:23  Extractor  
  39  5:24  Extractor  
  37  5:28  Grooved Spines  
  33  5:44  Hydralisk  
  33  5:45  Hydralisk x7  
  37  6:40  Muscular Augments  
  37  6:45  Drone  
  37  6:46  Drone x5  
  43  7:09  Overlord  
  43  7:10  Overlord  
  43  7:24  Drone  
  43  7:27  Queen  
  46  7:53  Drone  
  46  7:54  Hatchery, Drone x8  
  54  8:41  Extractor  
  53  8:52  Spire  
  52  9:07  Evolution Chamber  
  51  9:23  Drone x7  
  58  9:26  Overlord x4  
  58  9:49  Drone  
  58  9:50  Drone x6  
  58  9:51  Hatchery  
  64  10:13  Pneumatized Carapace  
  64  10:17  Hatchery  
  63  10:31  Mutalisk x3  
  63  10:32  Mutalisk x3  
  61  11:00  Zerg Flyer Weapons Level 1  
  27  11:32  Mutalisk x3  
  27  11:33  Mutalisk x3  
  27  11:38  Drone x2  
  27  11:39  Drone  
  42  11:42  Drone x2  
  45  12:15  Drone  
  45  12:16  Drone x2  
  45  12:20  Drone x3  
  50  12:45  Drone x2  
  50  12:48  Drone  
  50  12:49  Drone x2  
  55  12:54  Zerg Flyer Armor Level 1, Drone x3  
  58  13:31  Drone  
  58  13:32  Drone x2  
  61  13:36  Drone  
  61  13:37  Drone x2  
  61  13:40  Drone  
  61  13:41  Drone x2  
  67  13:45  Drone x3  
  62  14:13  Zergling x2  
  62  14:14  Zergling x4  
  65  14:22  Drone x3  
  65  14:44  Baneling Nest  
  64  14:47  Zerg Melee Weapons Level 1  
  62  15:32  Zergling x6  
  65  15:36  Zergling x2  
  65  15:38  Overlord x2  
  62  15:43  Overlord  
  62  15:44  Overlord x2  
  62  15:49  Hatchery  
  55  16:01  Zergling x2  
  55  16:02  Zergling x2  
  57  16:12  Zergling x4  
  59  16:20  Zergling x2  
  59  16:21  Zergling x4  
  62  16:32  Baneling  
  62  16:33  Baneling x11  
  62  16:35  Baneling  
  62  16:36  Baneling x3  
  62  16:41  Zerg Ground Armor Level 1  
  62  16:47  Baneling  
  62  16:48  Baneling x5  
  61  16:54  Centrifical Hooks  
  50  17:32  Zergling x6  
  50  17:36  Zergling x2  
  54  17:37  Zergling x4  
  54  17:42  Zergling x2  
  54  17:43  Zergling x4  
  53  18:00  Baneling  
  53  18:01  Baneling x11  
  53  18:09  Baneling x2  
  53  18:10  Baneling x3  
  53  18:11  Baneling  
  53  18:18  Burrow  
  33  19:47  Zergling x4  
  33  19:48  Zergling x2  
  33  19:50  Zergling x2  
  33  19:51  Zergling x4  
  39  19:58  Zergling x6  
Show
View Real Time Build Order
Export as new Build Order

wiesiek Terran - Winner!

Build Orders: Hellion Banshee, Mech 

Get SALT Encoding   

  12  0:02  SCV  
  14  0:14  SCV  
  14  0:24  Supply Depot  
  14  0:27  SCV  
  15  0:31  Refinery  
  15  0:47  Barracks  
  15  0:52  SCV  
  16  1:04  SCV  
  16  1:08  Supply Depot  
  17  1:14  Refinery  
  17  1:16  SCV  
  18  1:28  SCV  
  19  1:35  Reaper  
  20  1:41  Orbital Command  
  20  1:50  Factory  
  20  2:07  Barracks Reactor  
  20  2:11  SCV  
  21  2:18  Supply Depot  
  21  2:23  SCV  
  22  2:51  SCV  
  22  3:03  SCV, Barracks Tech Lab  
  22  3:04  Starport  
  22  3:05  Hellion x2  
  27  3:15  SCV  
  28  3:23  Command Center  
  28  3:29  Hellion x2  
  32  3:38  Factory  
  32  3:55  Hellion x2  
  36  3:56  Barracks Tech Lab  
  36  4:03  Supply Depot, Cloaking Field  
  36  4:06  Banshee  
  39  4:21  Factory Tech Lab  
  39  4:24  SCV  
  39  4:29  Supply Depot  
  39  4:30  Supply Depot  
  40  4:32  Hellion  
  42  4:42  Hellion  
  42  4:45  Infernal Pre-Igniter  
  44  5:06  Siege Tank  
  47  5:13  Banshee  
  50  5:37  Hellion x2  
  42  6:07  Hellion x2  
  42  6:19  Banshee, Siege Tank  
  48  6:38  SCV  
  50  6:42  Orbital Command  
  49  6:51  SCV  
  50  7:00  Factory  
  50  7:03  SCV, Starport  
  50  7:04  Starport  
  51  7:15  SCV, Medivac  
  46  7:27  SCV  
  47  7:36  Siege Tank  
  50  7:38  Hellion x2  
  50  7:39  SCV  
  50  7:40  SCV  
  50  7:44  Supply Depot  
  56  7:45  Refinery  
  53  7:51  SCV  
  53  7:52  SCV  
  55  8:03  SCV  
  55  8:04  SCV  
  57  8:15  SCV  
  57  8:16  SCV  
  59  8:27  SCV  
  59  8:28  SCV  
  61  8:35  Starport Reactor, Starport Tech Lab  
  61  8:38  Armory  
  61  8:41  Factory  
  61  8:46  Factory  
  61  8:59  Siege Tank x2  
  61  9:00  Hellion x2  
  68  9:10  Armory  
  68  9:12  Liberator  
  71  9:22  Refinery  
  71  9:28  Terran Vehicle Weapons Level 1  
  71  9:34  Factory Reactor  
  71  9:35  Hellion x2  
  78  9:38  Siege Tank  
  78  9:41  Hellion  
  78  9:44  Medivac  
  82  9:49  SCV x2  
  84  10:01  Liberator  
  84  10:04  Medivac x2  
  84  10:05  Siege Tank  
  84  10:06  Hellion x2  
  98  10:11  Hellion  
  98  10:12  Hellion x2  
  104  10:27  Hellion  
  104  10:28  Hellion  
  108  10:32  Hellion  
  108  10:33  Hellion x2  
  108  10:35  Liberator  
  117  11:04  Hellion x12  
  117  11:18  Terran Vehicle And Ship Armor Level 1  
  117  11:22  Terran Vehicle Weapons Level 2  
  117  11:50  Hellion  
  117  11:52  Liberator  
  118  12:07  Hellion  
  117  12:24  Hellion  
  117  12:49  Viking x2  
  117  12:50  Hellion x2  
  115  12:51  Hellion  
  115  12:52  Hellion, Liberator  
  90  13:08  Hellion x2  
  90  13:09  Viking  
  90  13:11  Hellion  
  90  13:12  Hellion  
  89  13:13  Hellion x2  
  89  13:17  Factory  
  91  13:21  Medivac x2  
  95  13:29  Hellion  
  95  13:30  Hellion  
  95  13:33  Hellion x2  
  105  13:34  Hellion x2  
  105  13:40  Medivac x2  
  111  13:51  Hellion, Siege Tank  
  111  13:54  Hellion, Siege Tank  
  100  13:56  Hellion x2  
  100  14:01  Factory  
  98  14:12  Hellion  
  90  14:29  Hellion x4  
  90  14:30  Terran Ship Weapons Level 1  
  90  14:31  Terran Vehicle Weapons Level 3  
  80  14:43  Liberator x4  
  92  14:49  Factory Reactor  
  92  14:52  Hellion x6  
  102  15:13  Hellion x2  
  106  15:30  Command Center  
  106  15:32  Hellion x2  
  106  15:33  Hellion x2  
  106  15:35  Siege Tank  
  117  15:42  Siege Tank  
  81  16:21  Hellion x5  
  81  16:22  Hellion  
  81  16:24  Hellion x2  
  81  16:25  Medivac x2  
  101  16:48  Siege Tank x2  
  101  16:49  Hellion x3  
  101  16:50  Hellion x3  
  119  16:54  Liberator x2  
  119  16:57  Drilling Claws  
  119  16:59  Terran Ship Weapons Level 2  
  125  17:03  Refinery  
  125  17:04  Refinery  
  125  17:05  Orbital Command  
  125  17:10  Hellion  
  125  17:11  Hellion x5  
  125  17:12  Engineering Bay  
  137  17:37  Liberator  
  140  18:00  Liberator  
  141  18:25  Medivac  
  141  18:27  Medivac, Widow Mine  
  141  18:34  Widow Mine  
  140  18:46  Hellion  
  140  18:47  Widow Mine  
  140  18:50  Medivac  
  140  19:03  Hellion x22  
Show
View Real Time Build Order
Export as new Build Order

essa Zerg - Winner!

Build Orders: Hatch First 

Get SALT Encoding   

  12  0:00  Drone  
  13  0:13  Drone  
  14  0:18  Overlord  
  14  0:36  Drone x3  
  17  0:56  Hatchery  
  16  0:59  Drone  
  16  1:02  Extractor  
  16  1:15  Spawning Pool  
  15  1:23  Drone x2  
  17  1:28  Drone  
  18  1:35  Drone  
  19  1:44  Drone  
  20  2:04  Drone  
  20  2:05  Metabolic Boost  
  21  2:11  Hatchery  
  21  2:14  Drone  
  21  2:21  Zergling x4  
  23  2:29  Queen  
  25  2:38  Queen  
  27  2:44  Overlord  
  27  2:49  Zergling x2  
  28  2:55  Overlord  
  28  2:57  Overlord  
  28  3:05  Queen  
  30  3:22  Queen  
  32  3:30  Zergling x4  
  32  3:33  Drone x5  
  39  3:37  Overlord  
  39  3:46  Zergling x6  
  42  3:54  Drone  
  42  3:55  Drone x2  
  45  4:15  Drone, Baneling Nest  
  45  4:17  Lair  
  45  4:20  Extractor  
  45  4:21  Drone x3  
  45  4:22  Extractor  
  45  4:23  Drone x3  
  49  4:35  Drone  
  49  4:36  Drone x2  
  49  4:37  Drone x2  
  49  4:38  Drone x2  
  56  4:41  Extractor  
  54  4:55  Zergling x2  
  54  4:56  Zergling x4  
  57  5:05  Roach Warren  
  56  5:17  Baneling  
  56  5:18  Baneling x7  
  56  5:21  Drone  
  57  5:22  Overlord x3  
  57  5:23  Overlord x2  
  57  5:33  Zergling x4  
  55  5:49  Baneling x8  
  51  5:50  Zergling x2  
  51  5:51  Zergling x18  
  51  5:56  Drone x2  
  63  5:57  Drone x3  
  63  6:00  Glial Reconstitution  
  66  6:14  Drone x5  
  71  6:29  Hatchery  
  70  6:46  Drone x12  
  79  6:54  Evolution Chamber  
  79  6:59  Evolution Chamber  
  79  7:00  Overlord x2  
  77  7:16  Drone x2  
  79  7:22  Hatchery  
  79  7:23  Centrifical Hooks  
  79  7:28  Zergling x2  
  79  7:29  Zergling x2  
  80  7:31  Baneling x12  
  80  7:39  Drone x3  
  80  7:41  Extractor  
  80  7:42  Extractor  
  82  7:44  Drone x2  
  82  7:45  Drone x3  
  82  7:46  Drone x2  
  88  7:53  Roach x2  
  88  7:56  Zerg Missile Weapons Level 1, Zerg Ground Armor Level 1  
  94  7:58  Roach  
  94  8:06  Roach  
  94  8:07  Roach x4  
  104  8:14  Drone  
  104  8:17  Overlord x4  
  105  8:29  Overlord x3  
  105  8:35  Drone  
  105  8:36  Drone x6  
  105  8:41  Overlord  
  112  8:43  Drone x2  
  114  8:53  Drone x6, Extractor x2  
  118  8:59  Roach  
  118  9:00  Roach x4  
  128  9:09  Infestation Pit  
  127  9:14  Hydralisk Den, Drone x3  
  129  9:30  Roach  
  129  9:31  Roach x8  
  147  9:48  Grooved Spines  
  147  9:50  Hive  
  147  9:51  Zerg Ground Armor Level 2, Zerg Missile Weapons Level 2  
  147  9:57  Hatchery  
  147  9:58  Evolution Chamber  
  145  10:11  Roach  
  145  10:12  Roach x5  
  157  10:15  Ravager x3  
  148  10:41  Hydralisk  
  148  10:42  Hydralisk x9  
  166  10:44  Zergling x4  
  166  10:46  Overlord x8  
  166  10:47  Overlord  
  166  10:59  Muscular Augments  
  166  11:03  Zergling x8  
  156  11:12  Roach x5  
  156  11:13  Roach x7  
  156  11:16  Hydralisk x5  
  190  11:28  Zergling x14  
  197  11:34  Zerg Melee Weapons Level 1  
  197  11:37  Hydralisk  
  199  11:44  Extractor  
  198  11:47  Extractor  
  198  11:53  Drone x2  
  191  12:06  Hydralisk x3  
  191  12:07  Hydralisk x2  
  177  12:18  Hydralisk  
  177  12:19  Hydralisk x16  
  177  12:20  Hydralisk x2  
  182  12:24  Hydralisk  
  182  12:25  Hydralisk  
  178  12:36  Zerg Missile Weapons Level 3  
  165  12:38  Zergling x2  
  165  12:39  Zergling x10  
  171  12:49  Drone x3  
  171  12:50  Drone  
  175  12:52  Hatchery  
  174  12:58  Zergling x2  
  174  12:59  Zergling x14  
  174  13:01  Zerg Ground Armor Level 3  
  182  13:07  Queen x2  
  182  13:11  Zergling x6  
  182  13:12  Zergling x2  
  190  13:13  Drone x2  
  192  13:21  Drone x2  
  192  13:22  Drone x2  
  196  13:28  Drone  
  196  13:29  Drone x3  
  200  13:36  Overseer x2  
  182  14:04  Zergling x6  
  182  14:05  Zergling x20  
  164  14:15  Zergling x8  
  164  14:16  Zergling x6  
  156  14:23  Drone x3  
  149  14:29  Zerg Melee Weapons Level 2  
  149  14:31  Adrenal Glands  
  149  14:33  Hydralisk  
  149  14:34  Hydralisk x7  
  161  14:48  Drone x3  
  163  14:57  Baneling x14  
  163  15:03  Hydralisk x5  
  163  15:04  Hydralisk x6  
  185  15:16  Hydralisk  
  185  15:17  Hydralisk x4  
  195  15:21  Baneling x2  
  195  15:22  Baneling x4  
  195  15:27  Spire  
  192  15:45  Hydralisk x6  
  162  16:06  Hydralisk  
  162  16:07  Hydralisk x11  
  182  16:14  Zergling x18  
  191  16:21  Drone x3  
  191  16:22  Drone  
  193  16:35  Zergling x2  
  193  16:36  Zergling x12  
  197  16:48  Baneling x3  
  197  16:49  Baneling x14  
  189  16:56  Roach x3  
  189  16:57  Roach x3  
  199  17:05  Overseer  
  199  17:06  Overseer  
  199  17:13  Spore Crawler  
  199  17:14  Spine Crawler  
  197  17:17  Spore Crawler  
  197  17:18  Spine Crawler  
  197  17:22  Hydralisk x2  
  173  17:33  Baneling x3  
  173  17:35  Zergling x2  
  173  17:36  Zergling x22  
  172  17:42  Zergling x8  
  169  17:55  Drone x5  
  170  18:01  Pneumatized Carapace  
  170  18:05  Baneling x9  
  163  18:06  Baneling x13  
  163  18:11  Spine Crawler x3  
  163  18:12  Drone x2  
  161  18:13  Drone x3  
  161  18:14  Drone x4  
  161  18:15  Spine Crawler  
  161  18:17  Spine Crawler  
  166  18:30  Spore Crawler  
  166  18:32  Spore Crawler  
  166  18:33  Spine Crawler  
  163  18:34  Zergling x2, Spine Crawler  
  163  18:35  Zergling x12, Spine Crawler  
  163  18:37  Infestor x4  
  171  18:56  Zergling x20  
  171  19:00  Hydralisk x4  
  171  19:01  Hydralisk x3  
  192  19:07  Overseer x2  
  186  19:15  Hatchery  
  179  19:21  Zergling x12  
  179  19:22  Zergling x8  
  183  19:25  Zergling x2  
  183  19:28  Drone x2  
  162  19:46  Drone x6  
  162  19:47  Drone x4  
  165  19:53  Baneling x4  
  165  19:55  Zergling x6  
Tags
 
Add a new tag
Caveats
  • Supply blocks, unpowered buildings, or Contaminate may cause inaccurate times.
  • Supply counts are checked every 10 seconds.